 Dungeon Crawl Stone Soup version 0.20-a0-1116-gaa52201 (webtiles) character file.

18351 AlphabetPasta the Prestidigitator (level 12, -12/94 HPs)
             Began as a Gnoll Artificer on May 8, 2017.
             Was a Priest of Ashenzari.
             Mangled by a naga warrior
             ... wielding a +0 halberd
              (16 damage)
             ... on level 11 of the Dungeon.
             The game lasted 01:02:50 (11329 turns).

AlphabetPasta the Prestidigitator (GnAr)           Turns: 11329, Time: 01:02:52

Health: -12/94     AC: 16    Str: 20    XL:     12   Next: 57%
Magic:  19/19      EV: 24    Int: 19    God:    Ashenzari [***...]
Gold:   715        SH: 11    Dex: 23    Spells: 11/11 levels left

rFire    . . .     SeeInvis +   T - +9 whip "Ereyrra" {speed, Int+6 Dex+4}
rCold    . . .     Gourm    .   j - +1 buckler
rNeg     . . .     Faith    .   K - quicksilver dragon scales (curse)
rPois    +         Spirit   .   D - +0 helmet (curse)
rElec    .         Reflect  +   E - +0 cloak
rCorr    .         Harm     .   M - +0 pair of gloves
MR       +....                  (no boots)
Stlth    +++.......             k - +3 amulet of reflection
Regen    0.3/turn               I - ring of poison resistance (curse)
MPRegen  0.2/turn               W - +4 ring of evasion

@: mighty, agile, about to teleport, hasted, constricted, very quick
A: short attention span, fangs 1, strong nose
a: Curse Item, Scrying, Renounce Religion


You were on level 11 of the Dungeon.
You worshipped Ashenzari.
Ashenzari was most pleased with you.
You were not hungry.

You visited 2 branches of the dungeon, and saw 13 of its levels.

You collected 715 gold pieces.

Inventory:

Hand Weapons
 a - a +1 short sword
 u - a +0 spear
 C - a +0 broad axe
 H - the +4 long sword "Pibihiap" {drain, rN+ Str+5}
   (You found it on level 4 of the Dungeon)

   A truly terrible weapon, it drains the life of those it strikes.
   It affects your strength (+5).
   It protects you from negative energy.
 T - the +9 whip "Ereyrra" (weapon) {speed, Int+6 Dex+4}
   (You found it on level 11 of the Dungeon)

   Attacks with this weapon are significantly faster.
   It affects your intelligence (+6).
   It affects your dexterity (+4).
Missiles
 P - 6 tomahawks
 U - 4 steel tomahawks
 V - a throwing net (quivered)
Armour
 j - a +1 buckler (worn)
 D - a cursed +0 helmet (worn)
 E - a +0 cloak (worn)
 K - cursed quicksilver dragon scales (worn)
 M - a +0 pair of gloves (worn)
Jewellery
 k - a +3 amulet of reflection (around neck)
 I - a cursed ring of poison resistance (left hand)
 O - an uncursed ring of protection from cold
 W - a +4 ring of evasion (right hand)
Wands
 c - a wand of flame (21/48)
 d - a wand of enslavement (12/24)
 s - a wand of random effects (6/48)
 y - a wand of polymorph (0/24)
 G - a wand of lightning (2/15)
 N - a wand of digging (7/24)
 X - a wand of acid (6/15)
 Z - a wand of confusion (29/48)
Scrolls
 b - 3 scrolls of fear
 h - 3 scrolls of amnesia
 m - a scroll of blinking
 r - 8 scrolls of teleportation
 v - 3 scrolls of magic mapping
 F - 4 scrolls of enchant weapon
 Q - 2 scrolls of remove curse
 R - a scroll of fog
Potions
 e - a potion of berserk rage {unknown}
 i - 3 potions of curing
 l - a potion of agility
 p - a potion of resistance
 q - a potion of magic
 t - a potion of invisibility
 w - 2 potions of flight
Books
 g - a book of Flames

   Spells                             Type                      Level
   a - Flame Tongue                   Conjuration/Fire             1
   b - Throw Flame                    Conjuration/Fire             2
   c - Conjure Flame                  Conjuration/Fire             3
   d - Inner Flame                    Hexes/Fire                   3
   e - Sticky Flame                   Conjuration/Fire             4
   f - Fireball                       Conjuration/Fire             5
Comestibles
 f - 9 bread rations
 n - 9 meat rations
 x - 5 chunks of flesh
 z - 5 fruits
 J - 5 royal jellies


   Skills:
 + Level 8.7 Fighting
 - Level 5.6(7.4) Short Blades
 - Level 8.0(8.3) Long Blades
 * Level 6.9 Maces & Flails
 - Level 6.0 Polearms
 + Level 8.9 Throwing
 + Level 8.7 Armour
 + Level 8.8 Dodging
 - Level 1.5 Stealth
 + Level 8.4 Shields
 * Level 10.3 Evocations


You had 11 spell levels left.
You didn't know any spells.

Dungeon Overview and Level Annotations

Branches:
Dungeon (12/15)            Temple (1/1) D:4            Lair (0/6) D:10
    Orc (0/2) D:10

Altars:
Ashenzari
Cheibriados
Dithmenos
Elyvilon
Fedhas
Gozag
Hepliaklqana
Kikubaaqudgha
Makhleb
Nemelex Xobeh
Okawaru
Qazlal
Ru
Sif Muna
Trog
Uskayaw
Vehumet
Wu Jian
Xom
Yredelemnul
Zin
The Shining One

Shops:
D:5 :   D:12 (


Innate Abilities, Weirdness & Mutations

You have a short attention span.
You have very sharp teeth.
Your uncanny sense of smell can sniff out nearby items.


Message History

You hit the naga warrior.
The naga warrior is severely wounded.
The naga warrior misses you. The naga warrior grabs you.
The naga warrior constricts you.
The naga warrior hits you from afar with a halberd!!
* * * LOW HITPOINT WARNING * * *
You feel better.
As you read the scroll of teleportation, it crumbles to dust.
You feel strangely unstable.
The naga warrior hits you with a flail!!
* * * LOW HITPOINT WARNING * * *
x2 The naga warrior constricts you.
You block the naga warrior's attack.
You feel better.
You whack the naga warrior!
The naga warrior is almost dead.
The naga warrior closely misses you.
* * * LOW HITPOINT WARNING * * *
The naga warrior constricts you.
The naga warrior hits you from afar with a halberd!
You die...

.........................(#
..........................#
..........................#
..........................######
...............................#
...............................#
.........................[..)..#
#▓##############▓#.............#
#C#. ♣.♣.♣.♣.♣.N@#.............##
###...♣...♣...N###.#'####.......#
..#♣..{♣......♣#...#....#....####
).##....♣.♣...##...#....#....#
..#>#....♣...#>#...#....#....#
..###.♣......###...#....#....#
...##♣.♣....♣##....#....#....#
....##..♣...##.....#....#....#
....###♣__♣###.....######....#


You could see 2 naga warriors.

Vanquished Creatures
  A naga warrior (D:11)
  4 two-headed ogres
  The ghost of DemiseSR the Cleaver, a novice MiBe of Trog (D:8)
  3 unseen horrors
  A deep elf mage (D:12)
  A manticore (D:12)
  2 gargoyles
  4 trolls
  Prince Ribbit (D:9)
  6 slime creatures (D:12)
  4 hippogriffs
  A vampire (D:10)
  8 yaks
  2 chaos spawn (D:12)
  3 vampire mosquitoes (D:12)
  A soldier ant (D:11)
  A water moccasin (D:5)
  2 porcupines (D:10)
  An ice beast (D:9)
  4 sky beasts
  3 orc warriors
  5 black bears
  4 ogres
  4 phantoms
  3 centaurs
  7 bullfrogs
  A gnoll sergeant (D:11)
  3 scorpions
  2 wyvern skeletons
  8 killer bees
  4 wights (D:9)
  3 howler monkeys
  2 crimson imps
  2 centaur zombies
  A quasit (D:9)
  4 centaur skeletons
  A hound (D:10)
  3 orc priests
  A bullfrog skeleton (D:3)
  3 jellies
  7 orc wizards
  Jessica (D:2)
  2 iguanas
  7 worker ants
  A killer bee zombie (D:8)
  Robin (D:3)
  19 gnolls
  5 adders
  3 shadow imps
  2 oozes
  An adder skeleton (D:9)
  2 worms
  2 dart slugs
  3 leopard geckos
  28 orcs
  2 giant cockroaches (D:4)
  6 goblins
  7 hobgoblins
  12 jackals
  4 quokkas
  4 bats
  7 frilled lizards
  9 kobolds
  A quokka skeleton (D:7)
  4 rats
255 creatures vanquished.

Vanquished Creatures (collateral kills)
  The ghost of DemiseSR the Cleaver, a novice MiBe of Trog (D:10)
  A goblin (D:2)
2 creatures vanquished.

Vanquished Creatures (others)
  An adder (D:2)
  33 fungi (D:10)
  6 plants (D:10)
40 creatures vanquished.

Grand Total: 297 creatures vanquished

Notes
Turn   | Place    | Note
-------+----------+-------------------------------------------
     0 | D:1      | AlphabetPasta the Gnoll Artificer began the quest for the Orb.
     0 | D:1      | Reached XP level 1. HP: 16/16 MP: 3/3
   163 | D:1      | Reached skill level 5 in Evocations
   164 | D:1      | Reached skill level 1 in Armour
   190 | D:1      | Reached XP level 2. HP: 22/22 MP: 5/5
   800 | D:2      | Noticed Jessica
   810 | D:2      | Killed Jessica
   810 | D:2      | Reached skill level 1 in Throwing
   810 | D:2      | Reached XP level 3. HP: 26/27 MP: 7/7
   933 | D:2      | Reached skill level 1 in Shields
   935 | D:2      | Reached skill level 6 in Evocations
   935 | D:2      | Reached XP level 4. HP: 20/33 MP: 8/8
  1598 | D:3      | Found a hide-covered altar of Uskayaw.
  1655 | D:3      | Noticed Ijyb
  1656 | D:3      | Noticed Ijyb
  1656 | D:3      | Ijyb changed into Ijyb the bullfrog
  1665 | D:3      | Killed Ijyb the bullfrog
  1665 | D:3      | Reached skill level 1 in Polearms
  1665 | D:3      | Reached XP level 5. HP: 28/39 MP: 8/10
  2000 | D:3      | Noticed Robin
  2041 | D:3      | Killed Robin
  2182 | D:3      | Found a runed door.
  2186 | D:3      | Noticed Crazy Yiuf
  2187 | D:3      | Noticed Crazy Yiuf
  2187 | D:3      | Crazy Yiuf changed into Crazy Yiuf the iguana
  2203 | D:3      | Killed Crazy Yiuf the iguana
  2203 | D:3      | Reached skill level 7 in Evocations
  2203 | D:3      | Reached XP level 6. HP: 23/46 MP: 11/11
  2559 | D:4      | Noticed a two-headed ogre
  2586 | D:4      | Killed a two-headed ogre
  2586 | D:4      | Reached skill level 5 in Polearms
  2586 | D:4      | Reached skill level 5 in Dodging
  2586 | D:4      | Reached XP level 7. HP: 44/55 MP: 12/12
  2586 | D:4      | Reached XP level 8. HP: 49/61 MP: 13/13
  2665 | D:4      | Got a dazzling long sword
  2856 | D:4      | Reached skill level 8 in Evocations
  3022 | D:4      | Reached skill level 5 in Shields
  3069 | D:4      | Found a staircase to the Ecumenical Temple.
  3078 | Temple   | Entered the Ecumenical Temple
  3116 | Temple   | Became a worshipper of Ashenzari the Shackled
  3117 | Temple   | Identified the +4 long sword "Pibihiap" {drain, rN+ Str+5} (You found it on level 4 of the Dungeon)
  3336 | D:5      | Entered Level 5 of the Dungeon
  3371 | D:5      | Reached skill level 5 in Fighting
  3371 | D:5      | Reached skill level 1 in Long Blades
  3371 | D:5      | Reached skill level 5 in Throwing
  3517 | D:5      | Found Werredd's Book Emporium.
  4273 | D:6      | Reached skill level 5 in Armour
  4533 | D:6      | Reached * piety under Ashenzari
  4652 | D:6      | Noticed Edmund
  4655 | D:6      | Noticed Edmund
  4655 | D:6      | Edmund changed into Edmund the worker ant
  4658 | D:6      | Killed Edmund the worker ant
  4910 | D:6      | Reached XP level 9. HP: 68/68 MP: 15/15
  5848 | D:8      | Noticed DemiseSR's ghost (novice MiBe)
  5897 | D:8      | Killed DemiseSR's ghost
  5897 | D:8      | Reached skill level 9 in Evocations
  5981 | D:8      | Noticed a two-headed ogre
  5992 | D:8      | Killed a two-headed ogre
  5992 | D:8      | Reached XP level 10. HP: 62/77 MP: 16/16
  6688 | D:9      | Noticed Prince Ribbit
  6716 | D:9      | Killed Prince Ribbit
  6790 | D:9      | Reached ** piety under Ashenzari
  6874 | D:9      | Noticed a two-headed ogre
  7641 | D:10     | Entered Level 10 of the Dungeon
  7655 | D:10     | Reached XP level 11. HP: 84/84 MP: 18/18
  7703 | D:10     | Noticed DemiseSR's ghost (novice MiBe)
  8019 | D:10     | Killed DemiseSR's ghost
  8296 | D:10     | Reached skill level 5 in Short Blades
  8429 | D:10     | Found a staircase to the Orcish Mines.
  8460 | D:10     | Found a staircase to the Lair.
  8605 | D:10     | Killed a two-headed ogre
  8692 | D:11     | Noticed a two-headed ogre
  8736 | D:10     | Reached skill level 10 in Evocations
  8833 | D:11     | Noticed a cyclops
  8852 | D:11     | Found a large runed door.
  8853 | D:11     | Found a large runed door.
  8872 | D:11     | Noticed a naga warrior
  8875 | D:11     | Got the whip "Ereyrra" {speed, Int+6 Dex+4}
  8876 | D:11     | Identified the +9 whip "Ereyrra" {speed, Int+6 Dex+4} (You found it on level 11 of the Dungeon)
  9076 | D:10     | Reached skill level 1 in Maces & Flails
  9292 | D:11     | Killed a two-headed ogre
  9427 | D:11     | Killed an unseen horror
  9936 | D:9      | Killed an unseen horror
  9936 | D:9      | Reached XP level 12. HP: 70/94 MP: 19/19
 10140 | D:12     | Reached *** piety under Ashenzari
 10142 | D:12     | Found Xoejy's Antique Weapon Shop.
 10171 | D:12     | Reached skill level 5 in Maces & Flails
 10740 | D:12     | Found a shimmering altar of Xom.
 11283 | D:11     | Noticed a naga warrior
 11285 | D:11     | Noticed a naga warrior
 11289 | D:11     | Found an iron altar of Okawaru.
 11289 | D:11     | Found an iron altar of Okawaru.
 11315 | D:11     | Killed a naga warrior
 11327 | D:11     | HP: 2/94 [naga warrior/flail (4)]
 11329 | D:11     | Mangled by a naga warrior

Vault maps used:
D:1:      minmay_arrival_open_corners, hangedman_decor_opposing
D:2:      first_bread, amethyst_killhole, minmay_distorted, uniq_jessica
D:3:      nicolae_overflow_crystal_walls, uniq_crazy_yiuf_cottage, uniq_ijyb,
          uniq_robin
D:4:      minmay_temple_entry_mist, sigmund_army
D:5:      serial_shops, shop
D:6:      uniq_edmund
D:9:      grunt_ogre_cave, minmay_hedge_maze, uniq_prince_ribbit1
D:10:     minmay_diamond_stairs, due_lair_maze_entry_diamond, orc_0_dummy
D:11:     okawaru_arena_lexackson, grunt_ministairs_2
D:12:     serial_shops, nicolae_shop_overgrown_old_shop,
          minmay_guarded_unrand_variability
Temple:   dpeg_three_leaves_temple

Skill      XL: |  1  2  3  4  5  6  7  8  9 10 11 12 |
---------------+-------------------------------------+-----
Evocations     | 5 6 7 8 9 10 | 10.3
Armour         | 1 2 4 5 6 7 8 |  8.7
Throwing       | 1 2 4 5 7 8 |  8.9
Dodging        | 4 5 6 7 8 |  8.8
Shields        | 1 2 4 5 7 8 |  8.4
Fighting       | 2 4 5 6 7 8 |  8.7
Polearms       | 1 2 5 6 |  6.0
Long Blades    | 3 6 7 8 |  8.0
Short Blades   | 4 5 |  5.6
Maces & Flails | 4 6 |  6.9
Stealth        | |  1.5

Action                   |  1- 3 |  4- 6 |  7- 9 | 10-12 || total
-------------------------+-------+-------+-------+-------++-------
Melee: Short sword       |    58 |       |       |    24 ||    82
       Bite              |     3 |    24 |    34 |   106 ||   167
       Spear             |       |   199 |   102 |       ||   301
       Long sword        |       |       |   180 |   298 ||   478
       Whip              |       |       |       |   400 ||   400
Throw: Tomahawk          |       |       |       |     3 ||     3
       Throwing net      |       |       |       |     3 ||     3
Invok: Curse Item        |       |       |     1 |     1 ||     2
Evoke: Wand              |     6 |    21 |    20 |    30 ||    77
  Use: Scroll            |     2 |     6 |     9 |    14 ||    31
       Potion            |       |       |     3 |     9 ||    12
 Stab: Confused          |       |       |     5 |     6 ||    11
       Invisible         |       |       |     4 |       ||     4
       Paralysed         |       |       |       |     3 ||     3
       Distracted        |       |       |       |     1 ||     1
       Held in net/web   |       |       |       |     1 ||     1
  Eat: Chunk             |       |     6 |     9 |    15 ||    30
       Royal jelly       |       |       |     1 |     1 ||     2
       Fruit             |       |       |       |     1 ||     1
Armor: Plate armour      |    37 |    83 |   119 |   162 ||   401
       Leather armour    |     1 |       |       |       ||     1
       Quicksilver drago |       |       |       |    77 ||    77
Dodge: Dodged            |     6 |    22 |    90 |   319 ||   437
Block: Buckler           |     4 |    31 |    60 |   201 ||   296
       Reflection        |       |       |       |     5 ||     5
       Rpst.: Long sword |       |       |    19 |    39 ||    58
